 Dungeon Sprint DCSS version 0.28-a0-1567-g1695149f81 (webtiles) character file.

Game seed: 9436816888272361760

649 DarkBird the Covert (level 7, -9/37 HPs)
             Began as a Vampire Enchanter on Jan 19, 2022.
             Shot with a bolt by a yaktaur (29 damage)
             ... in the Dungeon (Sprint II: "The Violet Keep of Menkaure").
             The game lasted 00:09:05 (511 turns).

DarkBird the Covert (Vampire Enchanter)              Turns: 511, Time: 00:09:09

Health: -9/37      AC:  0    Str:  5 (7)  XL:     7   Next: 28%
Magic:  15/16      EV: 23    Int: 16 (18) God:
Gold:   354        SH:  0    Dex: 19 (21) Spells: 10/18 levels left

rFire   . . .      SeeInvis +   (weapon currently unavailable)
rCold   + + .      Faith    .   (shield currently unavailable)
rNeg    + + +      Spirit   .   (armour currently unavailable)
rPois   ∞          Reflect  .   (helmet currently unavailable)
rElec   .          Harm     .   (cloak currently unavailable)
rCorr   .          Rampage  .   (gloves currently unavailable)
Will    .....      NoTele   +   (boots currently unavailable)
Stlth   ++++++++..              (no amulet)
HPRegen 0.00/turn               (ring currently unavailable)
MPRegen 0.15/turn               (ring currently unavailable)

@: bat-form, flying, bloodless, inhibited regen, very quick
A: fast, flying, no casting, tiny, bloodless, fangs 3, see invisible, vampiric 2
a: Revivify, End Transformation


You were in the Dungeon.
You were a vampire bat.
You visited 1 branch You collected 486 gold pieces.
You spent 132 gold pieces at shops.

Inventory:

Hand Weapons
 a - a +1 dagger
 c - a +0 short sword of venom (melded)
Armour
 b - a +0 robe (melded)
Potions
 d - a potion of curing
 g - 2 potions of magic
 h - a potion of berserk rage


   Skills:
 + Level 0.6 Fighting
 + Level 2.6 Short Blades
 + Level 5.8 Dodging
 + Level 14.9 Stealth
 + Level 6.3 Spellcasting
 + Level 13.7 Hexes
 + Level 1.2 Ice Magic


You had 10 spell levels left.
You knew the following spells:

 Your Spells              Type           Power      Damage    Failure   Level
a - Confusing Touch       Hex            48%        N/A       1%          3
b - Ensorcelled Hibernat  Hex/Ice        58%        N/A       1%          2
c - Tukima's Dance        Hex            48%        N/A       1%          3

Your spell library contained the following spells:

 Spells                   Type           Power      Damage    Failure   Level
 Dazzling Flash           Conj/Hex       54%        N/A       2%          3


Dungeon Overview and Level Annotations

Branches:
Dungeon (1/1)

Altars:
Cheibriados
Dithmenos
Elyvilon
Fedhas
Gozag
Hepliaklqana
Kikubaaqudgha
Makhleb
Nemelex Xobeh
Okawaru
Qazlal
Ru
Sif Muna
Trog
Uskayaw
Vehumet
Wu Jian
Xom
Yredelemnul
Zin
The Shining One
Beogh
Jiyva
Lugonu

Shops:
D :=[!!?[*(==[:!!

Annotations:
D exclusions: ice statue, oklob plant and orange crystal statue, Roxanne


Innate Abilities, Weirdness & Mutations

You are a vampire bat.
You are tiny and dextrous.
You move quickly.
You are flying.
You are immune to poison.
Your equipment is almost entirely melded.
You are incapable of wielding weapons or throwing items.
You cannot cast spells.
You do not regenerate when monsters are visible.
You are frail without blood (-20% HP).
You can heal yourself when you bite living creatures.
You are immune to poison.
You have razor-sharp teeth.
You have supernaturally acute eyesight. (SInv)
You are afflicted with vampirism and can become a bat while bloodless.


Message History

Found 20 bolts.
Found a roughly hewn altar of Beogh.
A yaktaur and a hornet come into view.
Found 81 gold pieces.
The yaktaur shouts!
You hear an angry growl.
The hornet buzzes angrily.
You hear an angry growl.
A polar bear comes into view.
The yaktaur moves out of view.
The polar bear growls angrily.
Aiming: Tukima's Dance (safe; 1% risk of failure)
Press: ? - help, Q - select action, (/) - cycle Shift-Dir - straight line, f - you
Okay, then.
You enter the shallow water.
Moving in this stuff is going to be slow.
You fly out of the water as you turn into a vampire bat.
Your +0 short sword of venom melds into your body.
Your +0 robe melds into your body.
Your +0 short sword of venom stops dripping with poison.
You feel weakened.
You feel dopey.
You feel clumsy. The polar bear bites you! The polar bear claws you.
The polar bear misses you.
Really fly into a travel-excluded area?
Found a sparkling altar of Nemelex Xobeh and a blossoming altar of Fedhas.
Found an iron altar of Okawaru and an opulent altar of Gozag.
Press: ? - help, . - travel You can't see that place.
Really fly into a travel-excluded area? [Y]es or [N]o only, please.
Really fly into a travel-excluded area? [Y]es or [N]o only, please.
Really fly into a travel-excluded area?
Marking area around an orange crystal statue as unsafe for travelling.
Marking area around an orange crystal statue as unsafe for travelling.
Press: ? - help, v - describe, . - travel Some lava.
You reach down and open the door.
Roxanne, Geomancer Emeritus comes into view.
The yaktaur is engulfed in a cloud of scalding steam.
The yaktaur wields a +0 arbalest.
The yaktaur shoots a bolt.
The bolt hits you!!
Ouch! That really hurt!
You die...

##≈≈###
###≈≈....hc#+########
##≈≈≈
#≈≈≈≈≈§§.§≈#._._._..#
+#≈#
##≈≈≈≈h≈≈≈.≈#.._._._.#
≈≈#
##≈≈≈≈≈≈hcy§≈#._._._._#
≈≈
≈≈≈≈≈≈≈§§≈≈§≈#_._._._.#
#+++#≈≈≈≈≈≈≈≈≈#._._._..#
§§. ##≈≈≈###≈≈#_._._...
§§§§≈##≈§# #≈≈#._._..
8§§≈≈≈'b≈#+#§§#_._..
§§§≈.##≈§≈≈≈§§##### ≈≈≈
##########≈ +
#≈§§§≈≈§###≈
#§§§§≈≈§§≈##≈
+≈≈§§≈8§≈≈§§+≈
##§≈≈≈§§§≈§##
##§≈§≈≈§≈## ### ###


You could see Roxanne, an orange crystal statue (unaware), 2 polar bears, a
yaktaur and a hornet.

Vanquished Creatures
  2 wyverns (D)
  A water moccasin (D)
  4 scorpions (D)
7 creatures vanquished.

Vanquished Creatures (others)
  Menkaure (D)
  A water moccasin (D)
2 creatures vanquished.

Grand Total: 9 creatures vanquished

Notes
Turn   | Place    | Note
-------+----------+-------------------------------------------
     0 | D        | DarkBird the Vampire Enchanter began the quest for the Orb.
     0 | D        | Reached XP level 1. HP: 13/13 MP: 3/3
     1 | D        | Noticed a scorpion
     1 | D        | Noticed a scorpion
     1 | D        | Noticed a scorpion
     1 | D        | Noticed a scorpion
    12 | D        | Killed a scorpion
    13 | D        | Reached skill level 8 in Stealth
    13 | D        | Reached XP level 2. HP: 15/15 MP: 4/6
    13 | D        | Gained mutation: You are afflicted with vampirism and can
                  | become a bat while bloodless. [Vampire growth]
    13 | D        | Reached XP level 3. HP: 19/19 MP: 4/7
    13 | D        | Killed a scorpion
    14 | D        | Reached skill level 9 in Stealth
    14 | D        | Reached XP level 4. HP: 24/24 MP: 4/9
    16 | D        | Killed a scorpion
    17 | D        | Reached skill level 11 in Stealth
    17 | D        | Reached skill level 10 in Hexes
    17 | D        | Reached XP level 5. HP: 28/28 MP: 4/11
    42 | D        | Learned a level 3 spell: Confusing Touch
   148 | D        | Killed Menkaure
   176 | D        | Found Weeproogh's Distillery.
   176 | D        | Found Uvaejog's Antique Armour Shop.
   176 | D        | Found Xuziz's Antique Weapon Boutique.
   176 | D        | Found Cumn's Assorted Antiques.
   176 | D        | Found Zaezafiu's Jewellery Shop.
   176 | D        | Found Ifuthraant's Antique Armour Boutique.
   177 | D        | Found Buoghixt's Magic Scroll Boutique.
   177 | D        | Found Rohiakywn's Distillery.
   177 | D        | Found Zuxeate's Distillery.
   177 | D        | Found Xideuro's Book Shop.
   178 | D        | Found Voinn's Antique Armour Shop.
   178 | D        | Found Kukujuag's Jewellery Boutique.
   179 | D        | Found Qoepua's Distillery.
   179 | D        | Found Luam's Jewellery Shop.
   180 | D        | Noticed a water moccasin
   180 | D        | Noticed a great orb of eyes
   180 | D        | Noticed an oklob plant
   181 | D        | Found Ezot Tog's Book Shoppe.
   182 | D        | Noticed a wyvern
   183 | D        | Noticed a wyvern
   186 | D        | Noticed a fire dragon
   190 | D        | Killed a water moccasin
   191 | D        | Bought a runed short sword for 132 gold pieces
   219 | D        | Learned a level 2 spell: Ensorcelled Hibernation
   223 | D        | Learned a level 3 spell: Tukima's Dance
   226 | D        | Killed a water moccasin
   227 | D        | Reached skill level 5 in Dodging
   227 | D        | Reached skill level 13 in Stealth
   227 | D        | Reached skill level 5 in Spellcasting
   227 | D        | Reached XP level 6. HP: 32/32 MP: 10/13
   242 | D        | Noticed an ice statue
   255 | D        | Noticed a wyvern
   257 | D        | Noticed a wyvern
   281 | D        | Killed a wyvern
   282 | D        | Reached skill level 14 in Stealth
   282 | D        | Reached skill level 1 in Ice Magic
   283 | D        | Killed a wyvern
   284 | D        | Reached XP level 7. HP: 31/37 MP: 5/16
   485 | D        | Found a radiant altar of Vehumet.
   486 | D        | Found a basalt altar of Yredelemnul.
   486 | D        | Found a hide-covered altar of Uskayaw.
   487 | D        | Found a shimmering altar of Xom.
   487 | D        | Found a bloodstained altar of Trog.
   487 | D        | Found a burning altar of Makhleb.
   488 | D        | Found an ornate altar of the Wu Jian Council.
   488 | D        | Found a shimmering blue altar of Sif Muna.
   488 | D        | Found a corrupted altar of Lugonu.
   489 | D        | Found a sacrificial altar of Ru.
   489 | D        | Found an ancient bone altar of Kikubaaqudgha.
   490 | D        | Found a stormy altar of Qazlal.
   490 | D        | Found a viscous altar of Jiyva.
   490 | D        | Found a shadowy altar of Dithmenos.
   491 | D        | Found a hazy altar of Hepliaklqana.
   491 | D        | Found a snail-covered altar of Cheibriados.
   492 | D        | Noticed a polar bear
   493 | D        | Noticed a yaktaur
   493 | D        | Noticed a hornet
   493 | D        | Noticed a polar bear
   497 | D        | Found a sparkling altar of Nemelex Xobeh.
   497 | D        | Found a blossoming altar of Fedhas.
   498 | D        | Found an iron altar of Okawaru.
   498 | D        | Found an opulent altar of Gozag.
   507 | D        | Noticed an orange crystal statue
   511 | D        | Identified Roxanne's Guide on Transformation
   511 | D        | Noticed Roxanne
   511 | D        | Shot with a bolt by a yaktaur

Illustrated notes

Levels and vault maps discovered:
D:        the_violet_keep_of_menkaure [sprint2_stairs_cluster_1,
          sprint2_shoproom, sprint2_temple, sprint2_basic_supplies,
          sprint2_obstacle_6, sprint2_obstacle_4, sprint2_obstacle_2,
          sprint2_obstacle_5, sprint2_obstacle_1, sprint2_timed_cluster_1,
          sprint2_smallroom_cluster_1, sprint2_smallroom_final_cluster_1,
          sprint2_transparent_cluster_1, sprint2_second_timed_cluster_1,
          sprint2_sniper_area_1, sprint2_heavy_combat_area_1,
          sprint2_mutation_trap_area_1, sprint2_forest_area_1,
          sprint2_light_combat_area_1, sprint2_behind_water_1,
          sprint2_near_end_vault_1]

Skill      XL: |  1  2  3  4  5  6 |
---------------+-------------------+-----
Dodging        | 3 4 5 |  5.8
Stealth        | 8 9 11 13 14 | 14.9
Spellcasting   | 3 4 5 6 |  6.3
Hexes          | 8 9 10 12 13 | 13.7
Short Blades   | 2 |  2.6
Ice Magic      | 1 |  1.2
Fighting       | |  0.6

Action                   |  1- 3 |  4- 6 |  7- 9 || total
-------------------------+-------+-------+-------++-------
Melee: Dagger            |     2 |    17 |       ||    19
       Bite              |       |     3 |       ||     3
       Short sword       |       |     3 |       ||     3
       Unarmed           |       |     1 |       ||     1
 Cast: Ensorcelled Hiber |       |     5 |       ||     5
       Confusing Touch   |       |     1 |       ||     1
 Abil: Exsanguinate      |     1 |       |       ||     1
       Bat Form          |       |     1 |     1 ||     2
       End Transformatio |       |     1 |       ||     1
  Use: Potion            |       |     3 |       ||     3
       Scroll            |       |     1 |       ||     1
 Stab: Sleeping          |     2 |     5 |       ||     7
       Invisible         |       |     1 |       ||     1
Armor: Robe              |       |     2 |       ||     2
Dodge: Dodged            |       |    11 |     1 ||    12

Table legend: (Time is in decaauts)
 A = Elapsed time spent in this place.
 B = Non-inter-level travel time spent in this place.
 C = Inter-level travel time spent in this place.
 D = Time resting spent in this place.
 E = Time spent auto-exploring this place.
 F = Levels seen in this place.
 G = Mean time per level.
                   A        B        C        D        E       F      G
               +--------+--------+--------+--------+--------+-----+--------+
         Total |    483 |    470 |     13 |    270 |      0 |   1 |  483.0 |
       Dungeon |    483 |    470 |     13 |    270 |      0 |   1 |  483.0 |
               +--------+--------+--------+--------+--------+-----+--------+

Top non-repeatable levels by time:
       D: 483 daAuts
